 Dungeon Crawl Stone Soup version 0.29.1-15-g9cfb28693d (webtiles) character file.

Game seed: 1269895389106152179

2878 velefi the Grappler (level 9, -2/89 HPs)
             Began as a Troll Berserker on Mar 3, 2023.
             Was an Elder of Trog.
             Slain by Erica
             ... wielding a +2 scimitar of flaming
              (8 damage)
             ... on level 8 of the Dungeon.
             The game lasted 00:26:23 (5349 turns).

velefi the Grappler (Troll Berserker)               Turns: 5349, Time: 00:26:24

Health: -2/89      AC:  6    Str: 31    XL:     9   Next: 48%
Magic:  8/8        EV: 11    Int:  3    God:    Trog [****..]
Gold:   421        SH:  0    Dex:  9    Spells: 8/8 levels left

rFire   + . .      SeeInvis .     - Unarmed
rCold   . . .      Faith    .   (no shield)
rNeg    + . .      Spirit   .   a - +0 animal skin
rPois   .          Reflect  .   (helmet restricted)
rElec   .          Harm     .   y - +1 cloak
rCorr   .          Rampage  .   (gloves unavailable)
Will    .....                   (boots unavailable)
Stlth   +.........              (no amulet)
HPRegen 1.04/turn               h - ring of protection from fire
MPRegen 0.11/turn               j - ring of positive energy

@: about to teleport, on berserk cooldown, attractive, slowed, very slow
A: large, unfitting armour, claws 3, regeneration 1, shaggy fur 1, tough skin 1
a: Renounce Religion, Berserk, Trog's Hand, Brothers in Arms


You were on level 8 of the Dungeon.
You worshipped Trog.
Trog was greatly pleased with you.
You visited 1 branch of the dungeon, and saw 8 of its levels.

You collected 421 gold pieces.

Inventory:

Hand Weapons
 b - a +4 dire flail of protection
 v - the +4 hammer of Quick Death {vamp, *Noise +Blink MP+9 Dex+5}
   (You found it on level 4 of the Dungeon)

   It occasionally heals its wielder for a portion of the damage dealt when it
   wounds a living foe.
   Dex:       It affects your dexterity (+5).
   MP:        It affects your magic capacity (+9).
   +Blink:    It lets you blink.
   *Noise:    It may make noises in combat.
 x - a +4 quarterstaff of chaos
 H - the +2 flail "Ziedghele" {antimagic, rPois}
   (You found it on level 7 of the Dungeon)

   It reduces the magical energy of the wielder, and disrupts the spells and
   magical abilities of those it strikes.
   Natural abilities and divine invocations are not affected.
   rPois:     It protects you from poison.
Armour
 a - a +0 animal skin (worn)
 y - a +1 cloak (worn)
Jewellery
 h - a ring of protection from fire (left claw)
 j - a ring of positive energy (right claw)
 k - an amulet of magic regeneration
 F - the amulet "Pelenusm" {Spirit rF+ Will- Stlth+}
   (You found it on level 6 of the Dungeon)

   [amulet of guardian spirit]

   It causes incoming damage to be divided between your reserves of health and
   magic.
   rF:        It protects you from fire.
   Will:      It decreases your willpower.
   Stlth:     It makes you more stealthy.
Wands
 l - a wand of quicksilver (4)
 m - a wand of flame (10) (quivered)
Scrolls
 e - 4 scrolls of magic mapping
 f - 5 scrolls of teleportation
 g - 2 scrolls of poison {unknown}
 o - 2 scrolls of amnesia {unknown}
 q - 2 scrolls of noise {unknown}
 u - 4 scrolls of identify
 z - 2 scrolls of butterflies {unknown}
 B - 2 scrolls of blinking {unknown}
 C - a scroll of enchant weapon {unknown}
 E - a scroll of vulnerability {unknown}
Potions
 c - 3 potions of curing
 d - 3 potions of lignification
 i - a potion of might {unknown}
 p - a potion of degeneration {unknown}
 r - 2 potions of resistance {unknown}
 s - a potion of flight {unknown}
 t - 2 potions of brilliance {unknown}
 w - a potion of magic {unknown}
 A - 3 potions of heal wounds {unknown}
 D - a potion of haste {unknown}
 G - a potion of cancellation {unknown}


   Skills:
 + Level 6.0 Fighting
 + Level 6.0 Dodging
 * Level 9.8 Unarmed Combat


You had 8 spell levels left.
You didn't know any spells.
Your spell library contained the following spells:

 Spells                   Type           Power      Damage    Failure   Level
 Apportation              Tloc           0%         N/A       52%         1
 Shock                    Conj/Air       0%         1d3       52%         1
 Gell's Gravitas          Tloc           0%         N/A       88%         3
 Swiftness                Air            0%         N/A       88%         3
 Teleport Other           Tloc           0%         N/A       88%         3
 Airstrike                Air            0%         2d(0-16)  99%         4
 Alistair's Intoxication  Tmut/Pois      0%         N/A       100%        5
 Dispersal                Tloc           0%         N/A       100%        6
 Borgnjor's Revivificati  Necr           0%         N/A       100%        8
 Necromutation            Tmut/Necr      0%         N/A       100%        8
 Death's Door             Necr           0%         N/A       100%        9


Dungeon Overview and Level Annotations

Branches:
Dungeon (8/15)             Temple (0/1) D:7
   Lair: D:8-11

Altars:
Gozag
Makhleb
Qazlal
Ru
Trog
Uskayaw
Vehumet
Xom
Yredelemnul
Zin

Shops:
D:2 [

Annotations:
D:8 Erica


Innate Abilities, Weirdness & Mutations

You are too large for most types of armour.
You have claws for hands.
Your natural rate of healing is unusually fast.
You are covered in fur. (AC +1)
You have tough skin. (AC +1)


Message History

You hear some strange, mumbled words.
A bolt of poison appears from out of thin air!
The bolt of poison hits you!!
You are poisoned.
There is an open door here.
You feel very sick.
There is a glowing silver altar of Zin here.
You feel very sick.
You feel as though you will be slow longer.
You feel very sick.
You feel sick. Something hits you. Something burns you.
Attack: -) Claws
Press: ? - help, Dir - move target You mangle something!!
Your claw misses something.
You feel sick. Something hits you.
Okay, then.
You feel better. Something hits you. Something burns you. Something hits you!
You are too injured to fight recklessly!
Attack: -) Claws
Press: ? - help, Dir - move target You claw something!
Something hits you! Something burns you.
Attack: -) Claws
Press: ? - help, Dir - move target You scratch something but do no damage.
Something hits you!
* * * LOW HITPOINT WARNING * * *
Something burns you.
* * * LOW HITPOINT WARNING * * *
As you read the scroll of teleportation, it crumbles to dust.
You feel strangely unstable. Something hits you.
* * * LOW HITPOINT WARNING * * *
Something hits you.
* * * LOW HITPOINT WARNING * * *
Unknown command.
Attack: -) Claws
Press: ? - help, Dir - move target, f - you
Okay, then.
It was a potion of attraction.
You feel attractive to monsters. Something hits you!
You die...

####...#...
..#...#.###.#
#.#.........#
##.#.....####
#....8.8..##
#..8.....8.###
#............#
##..##{##.....
#.##@_.##....
######..#####.....
..(.......).......#
#...####+#.........
#. ......§.†.#....
........### ...
........# .
........# ........#


There were no monsters in sight!

Vanquished Creatures
  Pikel (D:8)
  Eustachio (D:5)
  Edmund (D:5)
  2 water moccasins
  A sky beast (D:6)
  2 black bears (D:6)
  An ogre (D:5)
  2 centaurs
  A lemure (D:8)
  A phantom (D:5)
  2 kobold brigands
  3 bullfrogs
  3 necrophages
  A scorpion (D:6)
  3 hounds
  2 quasits (D:6)
  2 jellies (D:3)
  An orc priest (D:4)
  Crazy Yiuf (D:4)
  4 iguanas
  Jessica (D:2)
  Ijyb (D:3)
  2 orc wizards
  Natasha (thrice) (D:2)
  A hound skeleton (D:7)
  6 adders
  4 shadow imps
  3 white imps (D:6)
  5 ufetubi
  4 worms
  3 dart slugs
  15 orcs
  8 ball pythons
  4 bats
  14 endoplasms
  3 goblins
  7 hobgoblins
  4 quokkas
  6 frilled lizards
  21 kobolds
  5 rats
155 creatures vanquished.

Vanquished Creatures (others)
  7 demonic plants (D:6)
  6 fungi
  12 toadstools (D:3)
25 creatures vanquished.

Grand Total: 180 creatures vanquished

Notes
Turn   | Place    | Note
-------+----------+-------------------------------------------
     0 | D:1      | velefi the Troll Berserker began the quest for the Orb.
     0 | D:1      | Reached XP level 1. HP: 22/22 MP: 0/0
   164 | D:1      | Reached XP level 2. HP: 24/29 MP: 1/1
   716 | D:2      | Noticed a great orb of eyes
   718 | D:2      | Found a faded altar of an unknown god.
   727 | D:2      | Reached XP level 3. HP: 32/36 MP: 2/2
   727 | D:2      | Noticed a golden eye
   727 | D:2      | Noticed a golden eye
   727 | D:2      | Noticed a shining eye
   746 | D:2      | Reached ** piety under Trog
   861 | D:2      | Found Ytasievi's Antique Armour Emporium.
   876 | D:2      | Noticed Natasha
   883 | D:2      | Reached skill level 4 in Unarmed Combat
   885 | D:2      | Killed Natasha
   886 | D:2      | Reached XP level 4. HP: 34/45 MP: 3/3
   938 | D:2      | Noticed Natasha
   948 | D:2      | Killed Natasha
  1006 | D:2      | Noticed Natasha
  1008 | D:2      | Noticed Jessica
  1010 | D:2      | Killed Natasha
  1011 | D:2      | Reached XP level 5. HP: 50/53 MP: 4/4
  1012 | D:2      | Killed Jessica
  1230 | D:3      | Noticed Ijyb
  1254 | D:3      | Killed Ijyb
  1415 | D:3      | Reached skill level 5 in Unarmed Combat
  1417 | D:3      | Reached XP level 6. HP: 61/61 MP: 5/5
  1422 | D:3      | Reached *** piety under Trog
  1598 | D:3      | Found a stormy altar of Qazlal.
  2284 | D:4      | Found an opulent altar of Gozag.
  2557 | D:4      | Found a runed translucent door.
  2559 | D:4      | Noticed Crazy Yiuf
  2561 | D:4      | Identified the +4 hammer of Quick Death {vamp, *Noise
                  | +Blink MP+9 Dex+5}
  2566 | D:4      | Killed Crazy Yiuf
  2653 | D:4      | Found a hide-covered altar of Uskayaw.
  2660 | D:5      | Entered Level 5 of the Dungeon
  2676 | D:5      | Noticed Eustachio
  2689 | D:5      | Killed Eustachio
  2690 | D:5      | Reached skill level 6 in Unarmed Combat
  2690 | D:5      | Reached XP level 7. HP: 69/70 MP: 6/6
  2898 | D:5      | Noticed Edmund
  2909 | D:5      | Killed Edmund
  3003 | D:5      | Reached **** piety under Trog
  3004 | D:5      | Reached skill level 7 in Unarmed Combat
  3167 | D:5      | Reached XP level 8. HP: 79/79 MP: 7/7
  3181 | D:5      | Found a radiant altar of Vehumet.
  3607 | D:6      | Found a sacrificial altar of Ru.
  3652 | D:6      | Reached skill level 5 in Fighting
  3652 | D:6      | Reached skill level 5 in Dodging
  3652 | D:6      | Reached skill level 8 in Unarmed Combat
  3872 | D:6      | Identified the amulet "Pelenusm" {Spirit rF+ Will- Stlth+}
  3876 | D:6      | Found a bloodstained altar of Trog.
  4310 | D:6      | Reached XP level 9. HP: 59/88 MP: 8/8
  4473 | D:7      | Reached skill level 9 in Unarmed Combat
  4535 | D:7      | Found a burning altar of Makhleb.
  4604 | D:7      | Found a shimmering altar of Xom.
  4635 | D:7      | Found a staircase to the Ecumenical Temple.
  4922 | D:7      | Found a basalt altar of Yredelemnul.
  5069 | D:7      | Identified the +2 flail "Ziedghele" {antimagic, rPois}
  5283 | D:8      | Noticed Pikel
  5312 | D:8      | Killed Pikel
  5325 | D:8      | Found a glowing silver altar of Zin.
  5333 | D:8      | Noticed Erica
  5349 | D:8      | Slain by Erica

Illustrated notes

Levels and vault maps discovered:
D:1:      dpeg_arrival_tiny_a, layout_basic
D:2:      layout_rooms, hellmonk_ecumenical_altar_watching_god, serial_shops,
          nicolae_shop_window_shopping, dreamdust_princess_bridge,
          dreamdust_mushroom_princess, uniq_natasha, uniq_jessica
D:3:      cheibrodos_fertilizer, layout_loops_ring,
          mainiacjoe_overflow_surrounded_room, uniq_ijyb
D:4:      layout_loops_ring, mainiacjoe_overflow_paths,
          nicolae_overflow_hidden_temple, uniq_crazy_yiuf_cottage
D:5:      kennysheep_six_static_rooms, layout_loops_ring, kennysheep_mini_moat,
          uniq_edmund, uniq_eustachio
D:6:      layout_basic, trog_book, mainiacjoe_overflow_alcove_2, serial_demonic,
          serial_demonic_b, serial_demonic_e, serial_demonic_b,
          serial_demonic_d, serial_demonic_c, serial_demonic_e, minivault_27
D:7:      layout_basic, mainiacjoe_overflow_catwalk,
          makhleb_blood_cavern_becter, kennysheep_little_box, temple_doors_e
D:8:      minmay_clustersquares, layout_basic, overflow_temple_1_default,
          zin_statuary, nemelex_xobeh_ov_fountains_minmay, david_lair_shrubbed,
          nicolae_shop_sticking_my_neck_out, uniq_pikel, uniq_joseph,
          uniq_erica, uniq_maggie, uniq_grum

Skill      XL: |  1  2  3  4  5  6  7  8  9 |
---------------+----------------------------+-----
Unarmed Combat | 4 5 6 7 8 9 |  9.8
Fighting       | 3 4 5 6 |  6.0
Dodging        | 3 4 5 6 |  6.0

Action                   |  1- 3 |  4- 6 |  7- 9 || total
-------------------------+-------+-------+-------++-------
Melee: Unarmed           |    86 |   146 |   169 ||   401
       Punch             |     2 |     7 |     6 ||    15
Invok: Berserk           |       |     3 |     4 ||     7
Evoke: Wand              |       |       |     4 ||     4
  Use: Scroll            |     2 |     2 |     1 ||     5
       Potion            |       |       |     3 ||     3
Armor: Animal skin       |    28 |    43 |    51 ||   122
Dodge: Dodged            |    41 |    44 |    99 ||   184
